 Dungeon Crawl Stone Soup version 0.25.1-9-gc5326a611f (webtiles) character file.

Game seed: 7948679208358717897

85 tkbsonic5 the Magician (level 4, -8/31 HPs)
             Began as a Human Wizard on Nov 8, 2021.
             Killed from afar by Ijyb (12 damage)
             ... with a puff of flame
             ... on level 3 of the Dungeon.
             The game lasted 00:15:41 (2996 turns).

tkbsonic5 the Magician (Human Wizard)               Turns: 2996, Time: 00:15:41

Health: -8/31      AC:  5    Str:  5 (7)  XL:     4   Next: 75%
Magic:  1/8        EV: 12    Int: 19 (20) God:
Gold:   94         SH:  0    Dex:  9 (11) Spells: 1/9 levels left

rFire    . . .     SeeInvis .   j - +2 dagger (elec)
rCold    . . .     Gourm    .   (no shield)
rNeg     . . .     Faith    .   a - +0 robe
rPois    .         Spirit   .   b - +0 hat
rElec    .         Reflect  .   (no cloak)
rCorr    .         Harm     .   e - +0 pair of gloves
MR       .....                  s - +1 pair of boots
Stlth    ++........             (no amulet)
HPRegen  0.10/turn              (no ring)
MPRegen  0.11/turn              (no ring)

@: very slightly contaminated
A: no striking features
a: no special abilities


You were on level 3 of the Dungeon.
You were full.

You visited 1 branch of the dungeon, and saw 3 of its levels.

You collected 94 gold pieces.

Inventory:

Hand Weapons
 g - a +0 club
 j - a +2 dagger of electrocution (weapon)
 k - a +0 short sword
 n - a +1 dagger of holy wrath
Armour
 a - a +0 robe (worn)
 b - a +0 hat (worn)
 e - a +0 pair of gloves (worn)
 s - a +1 pair of boots (worn)
Jewellery
 i - an uncursed ring of poison resistance {unknown}
 o - an uncursed ring of resist corrosion {unknown}
Potions
 f - a potion of lignification
Comestibles
 c - 5 chunks of flesh
 d - 2 rations


   Skills:
 * Level 0.8 Fighting
 + Level 0.2 Short Blades
 * Level 2.5 Dodging
 + Level 2.2 Stealth
 * Level 3.3 Spellcasting
 * Level 1.6 Conjurations
 + Level 1.4 Summonings
 * Level 1.5 Translocations
 * Level 0.8 Air Magic
 * Level 1.0 Poison Magic


You had one spell level left.
You knew the following spells:

 Your Spells              Type           Power        Failure   Level  Hunger
a - Magic Dart            Conj           #...         8%          1    None
b - Blink                 Tloc           N/A          12%         2    ##.....
c - Call Imp              Summ           #.......     12%         2    ##.....
d - Mephitic Cloud        Conj/Pois/Air  #.......     26%         3    ###....

Your spell library contained the following spells:

 Spells                   Type           Power        Failure   Level  Hunger
 Slow                     Hex            #.......     22%         2    ##.....
 Conjure Flame            Conj/Fire      #.......     30%         3    ###....


Dungeon Overview and Level Annotations

Branches:
Dungeon (3/15)

Altars:
Makhleb

Annotations:
D:3 Ijyb


Message History

The curare-tipped dart closely misses Ijyb.
Casting: Call Imp (safe; 12% risk of failure)
Confirm with . or Enter, or press ? or * to list all spells.
You miscast Blink.
You are very lightly contaminated with residual magic.
Nothing appears to happen.
Ijyb closely misses you.
Ijyb zaps a wand.
The puff of flame hits you.
* * * LOW HITPOINT WARNING * * *
Okay, then.
As you read the scroll labeled ODYALL ECKUTZ, it crumbles to dust.
You smell rotten fruit.
It was a scroll of random uselessness.
A worm comes into view.
The hobgoblin shouts!
An adder comes into view.
Casting: Blink (safe; 12% risk of failure)
Confirm with . or Enter, or press ? or * to list all spells.
Okay, then.
A quokka and an orc come into view.
Ijyb zaps a wand.
The puff of flame hits you!
You die...

#. #.. #.. #.####
#....####
#..%....###
#...@.....#
#.g........#
#.###w####.. #.#
... #..## ..
#.#.# ....#...#
#..# #.#o##
...o#...#
####..## #.#..#
)..r....##
.......#
#)#..#######S.?.#
.......#
#.#...### #....#
r#


You could see Ijyb, a worm, an adder (wandering), an orc (wandering) and a
quokka (wandering).

Vanquished Creatures
  An adder (D:2)
  An ooze (D:1)
  2 leopard geckos
  3 bats
  2 giant cockroaches (D:1)
  7 goblins
  2 hobgoblins
  7 kobolds
  2 quokkas
  A frilled lizard (D:2)
  6 rats
34 creatures vanquished.

Vanquished Creatures (collateral kills)
  4 gnolls (D:2)
  An adder (D:2)
  A worm (D:2)
  An orc (D:3)
  A giant cockroach (D:2)
  A hobgoblin (D:2)
  A bat (D:1)
  A rat (D:3)
11 creatures vanquished.

Grand Total: 45 creatures vanquished

Notes
Turn   | Place    | Note
-------+----------+-------------------------------------------
     0 | D:1      | tkbsonic5 the Human Wizard began the quest for the Orb.
     0 | D:1      | Reached XP level 1. HP: 13/13 MP: 4/4
   148 | D:1      | Reached XP level 2. HP: 19/19 MP: 0/6
   210 | D:1      | Learned a level 2 spell: Blink
   213 | D:1      | Learned a level 2 spell: Call Imp
   617 | D:1      | Reached XP level 3. HP: 24/24 MP: 4/7
   622 | D:1      | Learned a level 3 spell: Mephitic Cloud
  1705 | D:2      | Reached XP level 4. HP: 31/31 MP: 5/8
  1897 | D:2      | Reached skill level 1 in Poison Magic
  2924 | D:3      | Found a burning altar of Makhleb.
  2944 | D:3      | Noticed Ijyb
  2996 | D:3      | Killed from afar by Ijyb

Illustrated notes

Levels and vault maps discovered:
D:1:      lordsloth_arrival_two_stooges, layout_basic, minmay_misc_feat_plants,
          chequers_serial_rivers_room_b, corexii_item_surrounded_by_moat
D:2:      layout_basic
D:3:      minmay_recursive_quarters, layout_basic,
          nicolae_overflow_hidden_temple, st_stairs_14,
          minmay_goblin_kobold_house, uniq_ijyb

Skill      XL: |  1  2  3  4 |
---------------+-------------+-----
Poison Magic   | 1 |  1.0
Fighting       | |  0.8
Short Blades   | |  0.2
Dodging        | |  2.5
Stealth        | |  2.2
Spellcasting   | |  3.3
Conjurations   | |  1.6
Summonings     | |  1.4
Translocations | |  1.5
Air Magic      | |  0.8

Action                   |  1- 3 |  4- 6 || total
-------------------------+-------+-------++-------
Melee: Unarmed           |     5 |       ||     5
       Club              |     6 |       ||     6
       Dagger            |     5 |    12 ||    17
Throw: Dart              |       |     3 ||     3
 Cast: Magic Dart        |    68 |    28 ||    96
       Call Imp          |     2 |    10 ||    12
       Blink             |     1 |     4 ||     5
  Use: Scroll            |       |     6 ||     6
       Potion            |       |     2 ||     2
  Eat: Chunk             |     2 |     2 ||     4
       Ration            |       |     2 ||     2
Armor: Robe              |     6 |     5 ||    11
Dodge: Dodged            |    37 |    22 ||    59
